Map: Ночной сумрак РВ

Players

Lopatqa - Winner!

  • Race: Protoss Protoss
  • League: Master
  • Spawn Location: 11:00

Kantara

  • Race: Protoss Protoss
  • League: Diamond
  • Spawn Location: 5:00

VOD

Have the link to the VOD?

Description

Time

  • Played on: Dec. 4, 2020, 9:51 a.m.
  • Length: 5:33
Show
View Real Time Build Order
Export as new Build Order

Lopatqa Protoss - Winner!

Build Orders:  

Get SALT Encoding   

  12  0:00  Probe (Chrono Boost)  
  13  0:12  Probe (Chrono Boost)  
  14  0:19  Pylon  
  14  0:21  Probe  
  15  0:37  Probe  
  15  0:40  Forge  
  16  0:54  Pylon  
  16  0:55  Probe  
  17  1:08  Probe  
  18  1:13  Photon Cannon  
  18  1:18  Photon Cannon  
  18  1:41  Pylon  
  18  1:45  Pylon  
  18  1:56  Assimilator  
  18  1:57  Probe  
  18  1:59  Assimilator  
  19  2:04  Photon Cannon  
  19  2:05  Photon Cannon  
  19  2:09  Probe (Chrono Boost)  
  20  2:21  Probe (Chrono Boost)  
  20  2:22  Gateway  
  21  2:32  Gateway  
  21  2:38  Pylon  
  21  2:41  Probe  
  22  2:53  Probe  
  22  2:57  Photon Cannon  
  23  3:05  Probe  
  23  3:08  Photon Cannon  
  24  3:25  Cybernetics Core  
  24  3:30  Photon Cannon  
  24  4:03  Stargate  
  24  4:05  Stargate  
  24  4:07  Shield Battery  
  24  4:08  Shield Battery  
  24  4:13  Photon Cannon  
  24  4:21  Adept (Chrono Boost)  
  26  4:31  Shield Battery x2  
  26  4:43  Void Ray x2 (Chrono Boost)  
  32  5:11  Shield Battery  
  32  5:31  Pylon  
Show
View Real Time Build Order
Export as new Build Order

Kantara Protoss 

Build Orders:  

Get SALT Encoding   

  12  0:01  Probe  
  13  0:13  Probe  
  14  0:19  Pylon  
  14  0:25  Probe (Chrono Boost)  
  15  0:39  Probe (Chrono Boost)  
  15  0:41  Gateway  
  16  0:46  Probe (Chrono Boost)  
  16  0:47  Assimilator  
  17  0:56  Probe  
  18  1:03  Assimilator  
  18  1:08  Probe  
  19  1:20  Probe  
  19  1:24  Gateway  
  20  1:26  Pylon  
  20  1:31  Cybernetics Core  
  19  1:44  Zealot (Chrono Boost)  
  20  1:48  Probe  
  21  1:58  Gateway  
  21  2:13  Shield Battery  
  21  2:15  Probe  
  22  2:28  Robotics Facility  
  22  2:30  Probe  
  23  2:42  Probe  
  24  2:49  Stalker (Chrono Boost)  
  23  3:04  Shield Battery  
  23  3:06  Pylon  
  23  3:24  Stalker, Probe  
  26  3:32  Immortal  
  30  3:46  Probe  
  31  3:52  Cybernetics Core  
  31  4:36  Stargate  
  31  4:50  Pylon  
  31  4:52  Pylon  
  31  5:05  Shield Battery  
  31  5:08  Probe  
  31  5:12  Stargate  
  36  5:20  Probe  
Tags
 
Add a new tag
Caveats
  • Supply blocks, unpowered buildings, or Contaminate may cause inaccurate times.
  • Supply counts are checked every 10 seconds.